[Event "*** Titled Tuesday Blitz"]
[Site "Chess.com"]
[Date "2021.02.09"]
[Round "3"]
[White "KaterinaMiroshnik"]
[Black "Zmeeed63"]
[Result "1-0"]
[WhiteElo "2608"]
[BlackElo "2411"]
[TimeControl "180+1"]
[EndTime "10:30:17 PST"]
[Termination "KaterinaMiroshnik won on time"]

1. d3 Nf6 2. Nf3 d5 3. Nbd2 c5 4. e4 Nc6 5. Be2 e5 6. O-O Be7 7. c3 O-O 8. Qc2 Be6 9. b3 h6 10. Bb2 Rc8 11. a3 d4 12. c4 a6 13. h3 Nh5 14.
Nh2 Nf4 15. Bg4 Bxg4 16. Nxg4 Qd6 17. Nf3 h5 18. Ngh2 Qg6 19. Ne1 Nxh3+ 20. Kh1 Nf4 21. Rg1 Qh6 22. Bc1 Qh7 23. Bd2 Kh8 24. g3 Nh3 25.
Rg2 Nd8 26. Nhf3 Nc6 27. Rh2 g5 28. Rxh3 g4 29. Rh2 gxf3 30. g4 h4 31. Nxf3 Kg7 32. g5 h3 33. Rg1 Rh8 34. Qd1 Rcg8 35. Rg3 Qg6 36. Qf1 Qe6 37. Rgxh3 Rxh3 38. Rxh3 Rh8 39.
Nh4 Kg8 40. Nf5 Bf8 41. Rxh8+ Kxh8 42. Qh3+ Kg8 43. Kg2 b5 44. Qg4 b4 45. axb4 cxb4 46. f4 exf4 47. Bxf4 a5 48. Kf3 a4 49. bxa4 b3 50.
Qg1 b2 51. Qb1 Ba3 52. Nh6+ Kf8 53. Ng4 Ke7 54. Qa2 Kd8 55. a5 Kc8 56. a6 Nb4 57. a7 Qa6 58. Qb3 Qxa7 59. Ne5 Qa6 60. Nxf7 Kd7 61. Ne5+ Ke8 62. g6 Qe6 63. Qa4+ Kf8 64.
Bh6+ 1-0

[Event "*** Titled Tuesday Blitz"]
[Site "Chess.com"]
[Date "2021.02.09"]
[Round "3"]
[White "NMJeevanK"]
[Black "frederiksvane"]
[Result "1/2-1/2"]
[WhiteElo "2515"]
[BlackElo "2749"]
[TimeControl "180+1"]
[EndTime "10:30:18 PST"]
[Termination "Game drawn by repetition"]

1. e4 c5 2. Nf3 g6 3. c3 d5 4. exd5 Qxd5 5. d3 Bg7 6. Be2 Nf6 7. O-O O-O 8. Nbd2 Nc6 9. Nc4 Rd8 10. Bg5 h6 11. Bh4 Nh5 12. Ne3 Qd7 13. Qa4 Nd4 14. Qd1 Nxe2+ 15. Qxe2 g5 16. Bg3 Nxg3 17. fxg3 Qxd3 18.
Qf2 Be6 19. g4 Qg6 20. Rae1 Rd7 21. c4 Rad8 22. b3 b6 23. Re2 Bf6 24. h3 Rd3 25. Kh1 h5 26. gxh5 Qxh5 27. Nh2 Bd4 28. Rfe1 Kf8 29. Qg3 Bxe3 30. Rxe3 Rxe3 31. Qxe3 Rd1 32. Kg1 Rxe1+ 33. Qxe1 Qg6 34. Nf3 Qf6 35. Qg3 Qf4 36. Qxg5 Qxg5 37. Nxg5 Bf5 38. a3 Bc2 39. b4 Bb3 40. bxc5 bxc5 41. Ne4 Bxc4 42. Nxc5 Ke8 43. Kf2 Kd8 44. Ne4 Kc7 45. Nd2 Bd5 46. h4 Kd6 47. g4 Ke5 48. Ke3 e6 49. h5 Kf6 50. Kf4 e5+ 51. Kg3 Kg5 52. Nf1 f5 53. gxf5 Kxh5 54. Ne3 Be4 55. f6 Kg6 56. Ng4 Bf5 57. Nxe5+ Kxf6 58. Kf4 Ke6 59. Nf3 Bd3 60. Ne5 Bb5 61. Ke4 Kd6 62. Kd4 a5 63. Nf7+ Kc6 64. Ne5+ Kb6 65. Nf3 Bc6 66. Nd2 Kb5 67. Kc3 Ka4 68. Kb2 Bd5 69. Nf1 Kb5 70. Ne3 Bc6 71. Nc2 Kc5 72. Kc3 Kb5 73. Nd4+ Kc5 74. Nb3+ Kb5 75. Nd4+ Kc5 76. Nb3+ Kb5 77. Nd4+ 1/2-1/2

[Event "*** Titled Tuesday Blitz"]
[Site "Chess.com"]
[Date "2021.02.09"]
[Round "3"]
[White "KyronGriffith"]
[Black "Funo09"]
[Result "0-1"]
[WhiteElo "2506"]
[BlackElo "2782"]
[TimeControl "180+1"]
[EndTime "10:30:22 PST"]
[Termination "Funo09 won by checkmate"]

1. e4 d5 2. exd5 Qxd5 3. Nc3 Qa5 4. d4 Nf6 5. Nf3 Bf5 6. Bc4 e6 7. Bd2 Bb4 8. a3 Bxc3 9. Bxc3 Qb6 10. O-O Nc6 11. Ne5 Ne4 12. Nxc6 Qxc6 13. Bd3 O-O-O 14. Bxe4 Qxe4 15. Rc1 c5 16. Re1 Qf4 17. g3 Qc7 18. d5 Rxd5 19. Qf3 Rg8 20. g4 Bg6 21. h3 h5 22. Re2 hxg4 23. hxg4 Rh8 24. Qg3 Qxg3+ 25. fxg3 Rh7 26. Kg2 Kd7 27. Rf1 f6 28. Rfe1 e5 29.
b3 Ke6 30. Bb2 Rd8 31. Rh1 Rxh1 32. Kxh1 Rd1+ 33. Kg2 Kd5 34. Bc3 Be4+ 35. Kf2 Rc1 36. Rd2+ Ke6 37. b4 c4 38. Ke3 Bg6 39. Rd8 Rxc2 40.
Be1 Ra2 41. Rb8 Rxa3+ 42. Kf2 c3 43. Rxb7 c2 44. Rc7 Be4 45. Bd2 Ra2 46. Ke3 Bg6 47.
Rc6+ Kd7 48. Rc5 Ra3+ 49. Kf2 Rb3 50. g5 Rb1 51. gxf6 gxf6 52. g4 Rd1 53. Ke2 Be4 54.
g5 fxg5 55. Rxe5 Bf3+ 56. Kxf3 Rxd2 57. Rc5 Kd6 58. Ke3 Rh2 59. Kf3 a5 60. Rc3 axb4 61. Rc4 b3 62. Rd4+ Kc5 63. Rd8 b2 64. Rc8+ Kb4 65. Rb8+ Kc3 66. Rc8+ Kb3 67. Rb8+ Ka2 68. Ra8+ Kb1 69. Rc8 c1=Q 70. Rf8 Qf1+ 71. Kg4 Qxf8 72. Kg3 Qf4# 0-1

[Event "*** Titled Tuesday Blitz"]
[Site "Chess.com"]
[Date "2021.02.09"]
[Round "3"]
[White "Vanina1989"]
[Black "MITerryble"]
[Result "1/2-1/2"]
[WhiteElo "2703"]
[BlackElo "2949"]
[TimeControl "180+1"]
[EndTime "10:30:24 PST"]
[Termination "Game drawn by repetition"]

1. d4 e6 2. c4 Bb4+ 3. Bd2 Qe7 4. Nf3 Nf6 5. g3 Nc6 6. a3 Bxd2+ 7. Qxd2 O-O 8. Bg2 d6 9. O-O e5 10. Nc3 Re8 11.
Rac1 e4 12. Ng5 Bf5 13. Nd5 Qd8 14. Nh3 h6 15. Nhf4 Nxd5 16. cxd5 Ne7 17. f3 e3 18.
Qxe3 Nxd5 19. Qd2 Ne3 20. Rfe1 g5 21. Nd3 c6 22. Nf2 Qb6 23. Nd1 Nxg2 24. Kxg2 d5 25. Nf2 Rad8 26. h4 f6 27. Rh1 Kf7 28. hxg5 hxg5 29.
g4 Bg6 30. Rh3 Rh8 31. Rch1 Rxh3 32. Rxh3 Re8 33. e3 Qb3 34. f4 Qc2 35. Qxc2 Bxc2 36.
f5 Kg7 37. Kf3 a5 38. Rh1 a4 39. Rc1 Bb3 40. Nd3 Bc4 41. Nc5 b5 42. Ne6+ Kg8 43. Rh1 b4 44. axb4 Rb8 45. Ra1 Rxb4 46. Nc5 Bb5 47. Ra2 Kf7 48. Kf2 Ke7 49. Ke1 Kd6 50.
Kd2 Kc7 51. Kc3 Rc4+ 52. Kd2 Rb4 53. Kc2 Bc4 54. Rxa4 Bb3+ 55. Nxb3 Rxa4 56. Kd3 Rb4 57. Kc3 Rb8 58. Nc5 Rh8 59. e4 Rh3+ 60. Kc2 dxe4 61.
Nxe4 Rh4 62. Nxf6 Kd6 63. Kc3 Rh3+ 64. Kc4 Rh4 65. Ne4+ Ke7 66. Nxg5 Rxg4 67. Nf3 Rf4 68. Ne5 Kd6 69. Nf7+ Ke7 70. Ne5 Kd6 71. Nf7+ Ke7 72. Ne5 1/2-1/2

[Event "*** Titled Tuesday Blitz"]
[Site "Chess.com"]
[Date "2021.02.09"]
[Round "3"]
[White "FMKonstantin_Twitch"]
[Black "TigrVShlyape"]
[Result "1/2-1/2"]
[WhiteElo "2620"]
[BlackElo "2839"]
[TimeControl "180+1"]
[EndTime "10:30:26 PST"]
[Termination "Game drawn by repetition"]

1. d4 Nf6 2. Nf3 g6 3. g3 Bg7 4.
Bg2 O-O 5. O-O d5 6. c3 c6 7.
Bf4 Bf5 8. Nbd2 Qc8 9. Qb3 a5 10. a4 Na6 11. Rfe1 Ne4 12. Nh4 Nxd2 13. Bxd2 Be6 14.
Qa3 Re8 15. e4 dxe4 16. Bxe4 Nc7 17. Ng2 Bd5 18. Nf4 Bxe4 19. Rxe4 e5 20. dxe5 Rxe5 21. Rae1 Rxe4 22. Rxe4 Qd7 23. Be3 Nd5 24. Qb3 Nxe3 25. Rxe3 Bh6 26. Qc4 Qf5 27. Re7 Bxf4 28. Qxf4 Qxf4 29.
gxf4 b5 30. Rc7 bxa4 31. Rxc6 Rb8 32. Ra6 Rb5 33. Kg2 Kg7 34. Kg3 Rxb2 35. Rxa5 Rb3 36. Rxa4 Rxc3+ 37. Kg2 Rc5 38. Ra6 Rf5 39. Kg3 Rd5 40.
Rb6 Kf8 41. Rb7 Ke8 42. f3 Rd7 43. Rb8+ Ke7 44. f5 Kf6 45. fxg6 fxg6 46. Rb6+ Kg7 47. Rb4 Rd2 48. Re4 Kf6 49. Rf4+ Kg7 50. Re4 Rd1 51. Re7+ Kh6 52. Re5 Rg1+ 53. Kf2 Rb1 54. Kg3 Rb4 55. h3 Rb7 56. Re6 Kg7 57. Re5 Kf6 58. Ra5 Re7 59. Rd5 Re5 60. Rd6+ Kf5 61. Rd7 h5 62. Rf7+ Ke6 63.
Rf8 Rg5+ 64. Kf4 Rg2 65. Re8+ Kf7 66. Re5 Kf6 67. Ra5 g5+ 68. Ke3 Rg3 69. Ra6+ Kf7 70. Ra7+ Ke6 71. Ra6+ Kf5 72. Ra5+ Kf6 73. Ra6+ Ke5 74.
Ra5+ Kf6 1/2-1/2

[Event "*** Titled Tuesday Blitz"]
[Site "Chess.com"]
[Date "2021.02.09"]
[Round "3"]
[White "MerryPoppies"]
[Black "Xeniya2005"]
[Result "0-1"]
[WhiteElo "2181"]
[BlackElo "2355"]
[TimeControl "180+1"]
[EndTime "10:30:26 PST"]
[Termination "Xeniya2005 won by resignation"]

1. d4 Nf6 2. c4 e6 3. Nc3 Bb4 4. Qc2 d5 5. Nf3 O-O 6. Bg5 b6 7. a3 Bxc3+ 8. Qxc3 Bb7 9. e3 Nbd7 10. cxd5 exd5 11.
Rc1 c5 12. Bb5 h6 13. Bxd7 hxg5 14. Bf5 g6 15. Bb1 Nh7 16. O-O c4 17. Ne5 Qd6 18. f4 gxf4 19. Rxf4 f5 20. Rcf1 Bc8 21. Qe1 Kh8 22.
Rh4 Rf6 23. Qg3 Kg7 24. Qh3 Ng5 25. Qg3 Nf7 26. Nxf7 Qxg3 27. hxg3 Rxf7 28. Rhf4 Be6 29. Bc2 b5 30. Bd1 a5 31. g4 b4 32. gxf5 gxf5 33. a4 Rb8 34. Bh5 Rc7 35. g4 fxg4 36. Bxg4 Rb6 37. Bxe6 Rxe6 38. Kf2 Rf6 39. Rg1+ Kf7 40. Ke2 Rxf4 41. exf4 b3 42. Kd2 Rb7 43. Kc3 Rb4 44. Rg5 Ke6 45. Rg6+ Kf5 46. Rd6 Ke4 47. f5 Rxa4 48. f6 Ra1 49. Re6+ Kf5 50.
Ra6 Rc1+ 51. Kd2 Rf1 52. Rxa5 Ke4 53. Ra6 Kxd4 54. Rd6 Rf2+ 55. Ke1 Rf5 56. Rb6 Kd3 57. Re6 Kc2 58. Re2+ Kb1 59. Rf2 Re5+ 60. Re2 Rf5 61. Rf2 Rxf6 62. Rxf6 Kxb2 63. Rf2+ Ka1 64. Kd2 b2 65.
Kc3 b1=Q 66. Rc2 Qxc2+ 67. Kxc2 d4 68. Kd2 Kb2 69. Ke2 c3 70. Kf3 c2 71. Ke4 c1=Q 72. Kxd4 Qc3+ 73. Kd5 Kc2 74. Ke4 Qc4+ 75. Ke3 Qd5 76.
Kf4 0-1

[Event "*** Titled Tuesday Blitz"]
[Site "Chess.com"]
[Date "2021.02.09"]
[Round "3"]
[White "pavelalexandru07"]
[Black "Fiona"]
[Result "1-0"]
[WhiteElo "2328"]
[BlackElo "2103"]
[TimeControl "180+1"]
[EndTime "10:30:28 PST"]
[Termination "pavelalexandru07 won by resignation"]

1. d4 d6 2. e4 Nf6 3. Nc3 Nbd7 4. f4 e5 5. Nf3 exd4 6. Nxd4 Nc5 7. Bd3 Bg4 8. Nf3 Be7 9. h3 Bxf3 10. Qxf3 Nxd3+ 11. Qxd3 c6 12. O-O O-O 13. Be3 Qc7 14. Rad1 b6 15. g4 Rfe8 16. Bd4 d5 17. e5 Nd7 18. Bf2 Nc5 19. Qf3 Rad8 20. Rfe1 Ne6 21. Bg3 d4 22. Ne4 Nc5 23. Nf2 Qd7 24. f5 Qd5 25. Kg2 Bg5 26. h4 Qxf3+ 27. Kxf3 Be3 28. Ne4 Nxe4 29. Kxe4 c5 30. b3 Kf8 31. c4 Rd7 32. Kd3 Red8 33. Re2 a6 34. Rf1 h6 35. Rf3 Kg8 36.
Re1 b5 37. Ref1 bxc4+ 38. bxc4 Rb7 39. e6 Rb2 40. Be1 fxe6 41. fxe6 Re8 42. Bg3 Rd2+ 43. Ke4 Rxe6+ 44. Kd5 Re8 45. Kd6 Rb2 46. Kd7 Ra8 47. Bd6 Rb7+ 48. Kc6 Rba7 49. Kd5 Rd8 50. Kc6 Rad7 51.
Rf8+ Kh7 52. Rxd8 Rxd8 53. Kc7 Ra8 54. Kb7 Rg8 55. Kxa6 g6 56. Kb5 Rg7 57. Kc6 Ra7 58. Ra1 d3 59. a4 d2 60. Kb5 Rf7 61. a5 Rf2 62. a6 Re2 63. a7 Re1 64. a8=Q d1=Q 65.
Rxd1 Rxd1 66. Qb7+ Kg8 67. Qc8+ Kf7 68. Qd7+ Kg8 69.
Qe8+ Kh7 70. Qf7+ 1-0

[Event "*** Titled Tuesday Blitz"]
[Site "Chess.com"]
[Date "2021.02.09"]
[Round "3"]
[White "dennisodessa"]
[Black "Azerichess"]
[Result "0-1"]
[WhiteElo "2466"]
[BlackElo "2976"]
[TimeControl "180+1"]
[EndTime "10:30:32 PST"]
[Termination "Azerichess won by checkmate"]

1. d4 f5 2. c4 Nf6 3. Nc3 d6 4. Nf3 g6 5. g3 Bg7 6. Bg2 O-O 7. O-O c6 8. Qc2 Nbd7 9. e4 fxe4 10. Nxe4 Nxe4 11.
Qxe4 Nf6 12. Qe2 Bf5 13. Re1 Qb6 14. b3 Rae8 15. Bb2 d5 16. Ng5 e6 17. Nf3 Ne4 18.
c5 Qa5 19. a3 g5 20. b4 Qa4 21. Nd2 Nf6 22. Qd1 Bc2 23. Qe2 h6 24. Nf3 Nd7 25. Ne5 Nxe5 26. dxe5 Bg6 27. Qd1 Qxd1 28. Raxd1 g4 29.
Re3 h5 30. f4 gxf3 31. Rxf3 Rf5 32. Rxf5 Bxf5 33. Bf3 h4 34. gxh4 a5 35. Kf2 Ra8 36.
Ra1 Kh7 37. Ke2 Bh6 38. Bc3 a4 39. Rg1 Rf8 40. Bd2 Bd3+ 41. Kxd3 Rxf3+ 42. Ke2 Rxa3 43. Bxh6 Kxh6 44. Rg8 Rb3 45. Re8 Kg6 46. Rxe6+ Kf5 47. Re8 Rxb4 48. h5 Rh4 49. Rb8 a3 50. Rxb7 a2 51.
Ra7 Rxh5 52. Kd3 Rxh2 53. Kd4 Rh4+ 54. Kd3 Kxe5 55. Re7+ Kf6 56. Ra7 Rh3+ 57. Kd4 Rh4+ 58. Kd3 Rh2 59. Kd4 Ke6 60. Kd3 Rh3+ 61. Kd4 Rh4+ 62. Kd3 Rc4 63. Rxa2 Rxc5 64. Ra8 Kd6 65. Rd8+ Kc7 66. Ra8 Rc4 67. Ra2 Kd6 68. Ra6 Rh4 69.
Ra8 Rh3+ 70. Kd4 c5# 0-1

[Event "*** Titled Tuesday Blitz"]
[Site "Chess.com"]
[Date "2021.02.09"]
[Round "3"]
[White "FontVella8"]
[Black "hleol"]
[Result "1-0"]
[WhiteElo "2573"]
[BlackElo "2394"]
[TimeControl "180+1"]
[EndTime "10:30:34 PST"]
[Termination "FontVella8 won by resignation"]

1. e4 c6 2. d4 d5 3. e5 c5 4.
dxc5 e6 5. a3 Bxc5 6. b4 Bb6 7.
Qg4 Ne7 8. Nf3 Ng6 9. Bd3 Nc6 10. Qg3 Nd4 11. Bb2 Nxf3+ 12. Qxf3 Qc7 13. O-O O-O 14.
Qg3 Bd7 15. Nd2 a5 16. h4 axb4 17. axb4 Ba4 18. h5 Ne7 19. Nf3 h6 20. Rac1 Bd7 21. Nd4 Ra2 22. Bc3 Kh8 23. Ne2 Nf5 24. Bxf5 exf5 25. Nf4 Be6 26. Rfd1 Ra3 27. Rd3 Rc8 28. Bb2 Rxd3 29. Qxd3 Qc4 30. Qxc4 Rxc4 31. Nd3 f4 32. Kf1 f3 33. gxf3 Bf5 34. Ke2 Bxd3+ 35. cxd3 Rxb4 36. Rc2 Rh4 37. d4 Rxh5 38. Rc8+ Kh7 39. Rb8 Rh4 40. Ke3 Rh1 41. Rxb7 Re1+ 42. Kf4 Ba5 43. Rxf7 Bd2+ 44. Kf5 Re2 45. Ba3 Rxf2 46. Ke6 Re2 47. f4 Bc3 48.
Bf8 Bxd4 49. Rxg7+ Kh8 50. Rg6 Rf2 51. Be7 Rxf4 52.
Bf6+ Kh7 53. Rg7+ Kh8 54. Rg4+ Rxf6+ 55. exf6 Bc5 56. f7 d4 57. Rg8+ Kh7 58. Rc8 Bb4 59.
Rc4 Ba3 60. Rxd4 h5 61. Rh4 Kh6 62. Rh1 Kg5 63. Rh3 Bb4 64. Rb3 Bc5 65. Kd5 Bf8 66. Ke6 h4 67. Rb8 Ba3 68. Ra8 Bc5 69. Ra5 h3 70.
Rxc5+ Kg4 71. f8=Q h2 72. Qf5+ 1-0

[Event "*** Titled Tuesday Blitz"]
[Site "Chess.com"]
[Date "2021.02.09"]
[Round "3"]
[White "mishanick"]
[Black "AndrewMaco"]
[Result "1-0"]
[WhiteElo "2941"]
[BlackElo "2683"]
[TimeControl "180+1"]
[EndTime "10:30:35 PST"]
[Termination "mishanick won on time"]

1. e4 c6 2. Nc3 d5 3. Nf3 dxe4 4. Nxe4 Nf6 5. Qe2 Nxe4 6. Qxe4 Qa5 7. Bc4 Bf5 8. Qf4 e6 9. c3 Nd7 10. O-O Be7 11.
d4 O-O 12. a4 Qd8 13. Qg3 Bg6 14. Bf4 Nf6 15. Be5 Nd7 16. Bc7 Qc8 17. Rfe1 Re8 18. a5 b5 19. Bb3 a6 20. Rad1 Ra7 21.
Bd6 Bxd6 22. Qxd6 Qc7 23. Qxc7 Rxc7 24. Ne5 Nf6 25. f4 Be4 26. Kf2 Bd5 27. Bc2 c5 28. dxc5 Rxc5 29. Rd4 h6 30. Nd3 Rc7 31. Nb4 Bb7 32. Bb3 Nd7 33. Rd6 Nc5 34. Bc2 Kf8 35. Red1 Ke7 36. g4 Rd7 37. Rb6 Rxd1 38. Bxd1 Rd8 39.
Bc2 Rd6 40. Rxd6 Kxd6 41. Ke3 g5 42. b3 Nd7 43. Nd3 Nf6 44. fxg5 hxg5 45. h3 Bg2 46. Nf2 Nd5+ 47. Kd2 Nf4 48. Be4 Bxh3 49. Bb7 Bg2 50. Bxa6 Bc6 51. b4 f5 52. c4 bxc4 53. Bxc4 Ng6 54.
b5 Ne5 55. Be2 Bd5 56. a6 Kc7 57. gxf5 exf5 58. Kc3 Kb6 59. Kd4 Bf3 60. Bf1 Nd7 61. Nd3 Be4 62. Nb2 Ka7 63. Nc4 Nb6 64. Nd6 Bc2 65.
Kc5 f4 66. Be2 Bg6 67. Bf3 Bc2 68. Nf7 Bf5 69. Nxg5 Bd3 70. Nf7 Bf5 71. Ne5 Be6 72.
Nc6+ 1-0

[Event "*** Titled Tuesday Blitz"]
[Site "Chess.com"]
[Date "2021.02.09"]
[Round "3"]
[White "Arseniy_Nesterov"]
[Black "Meri-Arabidze"]
[Result "1/2-1/2"]
[WhiteElo "2819"]
[BlackElo "2608"]
[TimeControl "180+1"]
[EndTime "10:30:36 PST"]
[Termination "Game drawn - insufficient material"]

1. d4 d5 2. c4 e6 3. Nf3 Nf6 4. Nc3 Nbd7 5. Bg5 Be7 6. e3 h6 7. Bh4 O-O 8. Rc1 c5 9. cxd5 Nxd5 10. Bxe7 Nxe7 11. Be2 b6 12. O-O Bb7 13. dxc5 Nxc5 14. b4 Ne4 15. Nxe4 Bxe4 16. Ne5 Bd5 17. Bf3 Bxf3 18.
Qxf3 Qd5 19. Qxd5 Nxd5 20. Nc6 a5 21. b5 Nb4 22. a3 Nxc6 23. Rxc6 Rab8 24. g4 Rfd8 25.
Rfc1 Rd3 26. a4 Ra3 27. R1c4 Kh7 28. Rf4 Rb7 29. h4 h5 30. g5 Kg6 31. Kg2 Ra2 32. Kg3 Rb2 33. Rd4 Rb4 34. Rcc4 Rb1 35. Rd6 Rb4 36.
Rdc6 Rd7 37. Rf4 Rb7 38. Rcc4 Rb1 39. Rfd4 Rb2 40. e4 Rb3+ 41. f3 Rb1 42. Rd6 Rb4 43. Rdc6 Rd7 44. Rxb4 axb4 45. Rc4 b3 46. Rb4 Ra7 47. Kf4 b2 48. Rxb2 Rxa4 49. Ke5 Ra3 50.
f4 Rh3 51. f5+ exf5 52. exf5+ Kh7 53. Rb4 Rg3 54. Kd5 Rg4 55. Rc4 f6 56. gxf6 gxf6 57. Rc6 Kg7 58. Rxb6 Rxh4 59. Rc6 Rb4 60. Kc5 Rb1 61. Kb6 h4 62. Rc4 Kh6 63. Rxh4+ Kg5 64. Rh2 Kxf5 65. Kc6 Ke4 66. b6 f5 67. b7 f4 68. Rh5 Rxb7 69. Kxb7 f3 70. Rh3 f2 71. Rh1 Kf3 72. Rf1 Kg2 73. Rxf2+ Kxf2 1/2-1/2

[Event "*** Titled Tuesday Blitz"]
[Site "Chess.com"]
[Date "2021.02.09"]
[Round "3"]
[White "Ghost_Pepper"]
[Black "Grandmaster2B"]
[Result "1/2-1/2"]
[WhiteElo "2376"]
[BlackElo "2534"]
[TimeControl "180+1"]
[EndTime "10:30:36 PST"]
[Termination "Game drawn by stalemate"]

1. e4 c5 2. Nf3 d6 3. d4 cxd4 4. Nxd4 Nf6 5. Nc3 a6 6. h3 e5 7. Nde2 Be7 8. g4 h6 9. Bg2 Be6 10. O-O Nbd7 11. Ng3 Rc8 12. Nf5 Bxf5 13. gxf5 O-O 14.
Kh2 Nb6 15. f4 Nc4 16. Qe2 Qa5 17. Rg1 exf4 18. Bf3 Kh8 19. Qg2 Rg8 20. Ne2 Ne3 21. Bxe3 fxe3 22. c3 Qe5+ 23. Kh1 b5 24. Rae1 b4 25.
Qg3 Nxe4 26. Qxe5 Nf2+ 27. Kg2 dxe5 28. Bd5 Rgf8 29. c4 Nd3 30. Rb1 Bc5 31. Kf3 Bd4 32. Rg4 Nf2 33. Rg2 Nxh3 34. Rh1 Ng5+ 35. Rxg5 a5 36.
Rg4 Bxb2 37. Rhg1 f6 38. Ke4 Rc7 39. R1g3 a4 40. Rxe3 b3 41. axb3 a3 42. Nc3 Bxc3 43. Rxc3 Ra7 44. Rg1 a2 45. Ra1 Rb8 46. c5 Rb4+ 47.
Ke3 Rd4 48. Be4 Rb4 49. c6 Rb8 50. c7 Rc8 51. b4 Rcxc7 52. Rxc7 Rxc7 53. Rxa2 Rc4 54. Rb2 Rc3+ 55. Kd2 Rc4 56. Kd3 Rd4+ 57. Ke3 h5 58. b5 h4 59. b6 Rd8 60. b7 Rb8 61.
Rh2 g5 62. fxg6 f5 63. Bxf5 Rxb7 64. Rxh4+ Kg8 65. Be6+ Kf8 66. Bf7 Rb2 67. Rh8+ Kg7 68. Rg8+ Kf6 69. Re8 Rb5 70. Re6+ Kg7 71. Rc6 Rb4 72.
Rc5 Rg4 73. Rxe5 Rg3+ 74. Kf4 Rg1 75. Rg5 Rxg5 76. Kxg5 Kh8 77. Bd5 Kg7 78. Bf3 Kh8 79. Bg4 Kg7 80. Bh5 Kh8 81. Kh6 Kg8 82. g7 1/2-1/2

[Event "*** Titled Tuesday Blitz"]
[Site "Chess.com"]
[Date "2021.02.09"]
[Round "3"]
[White "wannabe2700"]
[Black "GelmanAlexander"]
[Result "0-1"]
[WhiteElo "2768"]
[BlackElo "2605"]
[TimeControl "180+1"]
[EndTime "10:30:37 PST"]
[Termination "GelmanAlexander won by checkmate"]

1. e4 c5 2. d4 cxd4 3. Nf3 e6 4. Nxd4 a6 5. Bd3 d6 6. O-O Nf6 7. c4 Nbd7 8. Nc3 b6 9. f4 Bb7 10.
Qe2 Be7 11. g4 Nc5 12. Bc2 g6 13. b4 Ncd7 14. Be3 Rc8 15. Rac1 h5 16. g5 Ng4 17.
Bd2 e5 18. Nf3 exf4 19. Bxf4 O-O 20. Rcd1 Qc7 21. Bb3 Rfe8 22. h3 Nge5 23. Nxe5 dxe5 24. Be3 Bxb4 25. c5 Rf8 26. cxb6 Nxb6 27. Nd5 Nxd5 28. Bxd5 Bc5 29. Rc1 Bxe3+ 30. Qxe3 Qe7 31. Rxc8 Bxc8 32. Rf6 Bb7 33. Rxg6+ Kh7 34. Rh6+ Kg7 35. Qf3 Qxg5+ 36. Kh2 Bxd5 37. Rxh5 Qd2+ 38. Kg3 Be6 39. Kh4 Qe1+ 40.
Qg3+ Qxg3+ 41. Kxg3 Kf6 42. Rh6+ Ke7 43. Rh5 Rg8+ 44.
Kf3 Kf6 45. Rh6+ Rg6 46. Rh8 Bxa2 47. Ra8 Kg7 48. Ra7 Bc4 49. h4 Rf6+ 50. Ke3 Rf4 51. Rc7 Bb5 52. Re7 Kf6 53. Re8 Rxh4 54. Rg8 Bc6 55.
Rc8 Rxe4+ 56. Kd3 Bd5 57. Rc5 Ke6 58. Ra5 Rd4+ 59. Kc3 Bc4 60. Rc5 f5 61. Rc6+ Kd5 62.
Rf6 f4 63. Rf8 Ke4 64. Re8 f3 65. Rf8 Ke3 66. Rh8 e4 67. Rh3 Bb5 68. Rh1 Rd3+ 69. Kc2 f2 70. Rh3+ Ke2 71. Rh2 Rf3 72. Kc1 Ke3 73.
Kc2 f1=Q 74. Rd2 Qc4+ 75. Kb2 Kxd2 76. Ka1 Ra3+ 77. Kb1 Qc2# 0-1

[Event "*** Titled Tuesday Blitz"]
[Site "Chess.com"]
[Date "2021.02.09"]
[Round "3"]
[White "Kiborg95"]
[Black "theultimatehunter"]
[Result "1-0"]
[WhiteElo "2717"]
[BlackElo "2239"]
[TimeControl "180+1"]
[EndTime "10:30:37 PST"]
[Termination "Kiborg95 won by resignation"]

1. e4 e5 2. Nf3 Nc6 3. Bc4 Nf6 4. d3 Bc5 5. c3 O-O 6. Nbd2 d5 7. exd5 Nxd5 8. Ne4 Be7 9. O-O Nb6 10.
Bb3 Bf5 11. Re1 Bg6 12. a4 a5 13. Bc2 h6 14. Ng3 Bd6 15. Bd2 Kh8 16. h3 f5 17.
Bb3 Qf6 18. Be3 Nd7 19. Bc1 Rae8 20. Bd5 Nb6 21. Bxc6 bxc6 22. d4 e4 23. Nd2 c5 24.
dxc5 Bxc5 25. Nb3 Be3 26. Bxe3 f4 27. Bd4 Qh4 28. Nf1 Nc4 29. Rb1 e3 30. fxe3 Bxb1 31. Qxb1 fxe3 32. Re2 Rf2 33. Qe1 Nxb2 34. Rxf2 exf2+ 35. Qxf2 Qxf2+ 36. Kxf2 Nxa4 37. Nxa5 c5 38. Be3 Nxc3 39. Nb7 Nd1+ 40. Ke2 Nc3+ 41. Kd3 Nd5 42. Nxc5 g5 43. Bd4+ Kh7 44. g3 Kg6 45. Ne3 Nxe3 46.
Bxe3 Ra8 47. Ne4 Ra3+ 48. Ke2 Ra2+ 49. Kf3 Ra3 50. g4 Ra4 51. Nc3 Ra3 52. Nb5 Ra2 53.
Nd4 Ra4 54. Ke4 Ra2 55. Kf3 Rh2 56. Kg3 Ra2 57. Nf3 Ra3 58. Bc1 Rc3 59. Bd2 Rd3 60.
Kf2 Rb3 61. Ke2 Ra3 62. Be3 Ra2+ 63. Nd2 Ra3 64. Kf3 Rd3 65. Nf1 Ra3 66. Ng3 Rb3 67. Nf5 Ra3 68. h4 gxh4 69. Nxh4+ Kh7 70. Nf5 Ra6 71. Kg3 Rg6 72. Kh4 Re6 73. Kh5 Re4 74.
Bxh6 Kg8 75. g5 Re1 76. Kg6 Re6+ 77. Kh5 Re1 78. g6 Rh1+ 79. Kg5 Rg1+ 80. Kf6 Re1 81. Ne7+ 1-0

[Event "*** Titled Tuesday Blitz"]
[Site "Chess.com"]
[Date "2021.02.09"]
[Round "3"]
[White "FMJoseHerrera"]
[Black "MrTattaglia"]
[Result "0-1"]
[WhiteElo "2590"]
[BlackElo "2795"]
[TimeControl "180+1"]
[EndTime "10:30:39 PST"]
[Termination "MrTattaglia won on time"]

1. Nf3 c5 2. g3 b6 3. Bg2 Bb7 4. d3 g6 5. Nc3 Bg7 6. h4 h5 7. e4 Nc6 8. O-O d6 9. Be3 Nf6 10. d4 Ng4 11. Qd2 Nxe3 12. fxe3 O-O 13. Rad1 Rb8 14.
Nd5 e6 15. Nf4 Qe7 16. c3 Rbd8 17. Ng5 Na5 18. Qe2 Bh6 19. d5 exd5 20. exd5 Bxg5 21. hxg5 Qxg5 22. b4 cxb4 23. cxb4 Qxg3 24. bxa5 bxa5 25. Rf3 Qg5 26. Qb5 Bc8 27. Rdf1 Bg4 28. R3f2 Qe5 29. e4 Qc3 30. Qb7 Rd7 31. Qb5 Rfd8 32.
Bf3 Re7 33. Bg2 Qg3 34. Qxa5 Rde8 35. Ne2 Qe3 36. Qc3 Qb6 37. Nd4 Rc8 38. Nc6 Rec7 39. Qf6 Re8 40. Qxd6 Rd7 41. Qf6 Qe3 42. Kh1 Rxe4 43.
Bxe4 Qxe4+ 44. Kg1 Qe3 45. Qf4 Qc5 46. Ne5 Rb7 47.
Nxg4 hxg4 48. d6 f5 49. Rd1 Rd7 50. Qd4 Qa3 51. Qd5+ Kf8 52. Qe5 g3 53. Re2 Kg8 54. Qe8+ Kh7 55. Qxd7+ Kh6 56. Qc7 Qf3 57. Qc1+ f4 58.
Qe3 fxe3 59. Rde1 Qd5 60. Rxe3 Qxd6 61. Kg2 g5 62. R1e2 Kh5 63. Rxg3 Qd5+ 64. Kh2 g4 65.
Reg2 Qe5 66. Kg1 Qe1+ 67. Kh2 Qe5 68. Kh1 Qe4 69. Kg1 Kh4 70. Kh2 Qf4 71. a3 a6 72.
Kh1 Qxg3 0-1

[Event "*** Titled Tuesday Blitz"]
[Site "Chess.com"]
[Date "2021.02.09"]
[Round "3"]
[White "olksuna"]
[Black "Alexander_Zubov"]
[Result "0-1"]
[WhiteElo "2698"]
[BlackElo "2986"]
[TimeControl "180+1"]
[EndTime "10:30:45 PST"]
[Termination "Alexander_Zubov won by resignation"]

1. e4 c5 2. Nf3 e6 3. d4 cxd4 4.
Nxd4 a6 5. c4 Nf6 6. Nc3 Bb4 7.
Qd3 d6 8. Be2 Nbd7 9. f3 O-O 10.
a3 Ne5 11. Qd2 Ba5 12. b4 Bb6 13. f4 Ng6 14. Nb3 Nh4 15. Bd3 Ng4 16. c5 dxc5 17.
bxc5 Nxg2+ 18. Qxg2 Qxd3 19. Qg3 Qxg3+ 20. hxg3 Bc7 21. Bb2 Rd8 22. Ke2 Bd7 23. Rh4 f5 24. Nd4 Re8 25. Kf3 Rad8 26. Rd1 Bc8 27. e5 Bd7 28.
Rhh1 Ba5 29. Rhe1 Rc8 30. Nb3 Bc6+ 31. Ke2 Bxc3 32. Bxc3 Bd5 33. Rb1 Bxb3 34. Rxb3 Rxc5 35. Bd4 Rd5 36. Be3 Rc8 37. Rc1 Rxc1 38. Bxc1 b5 39. Rc3 h6 40. Rc6 Kf7 41. Rxa6 Rc5 42. Bd2 g5 43. fxg5 hxg5 44. Bxg5 Rxe5+ 45. Kd2 Rd5+ 46. Kc3 Nf2 47. Kb4 Ne4 48. Bh6 Nxg3 49. Rb6 Ne2 50.
Rxb5 Rd4+ 51. Kc5 Ra4 52. Rb3 Nd4 53. Rd3 e5 54. Bd2 Ke6 55. Bb4 f4 56. Rd1 Kf5 57.
Kc4 Ra8 58. Kd3 Ne6 59. Rh1 Rg8 60. a4 e4+ 61. Kc4 Rc8+ 62. Kd5 Rd8+ 63. Kc6 Nd4+ 64. Kc7 Ne6+ 65. Kc6 Rd4 66. Bd6 Rxa4 67. Rh5+ Kg4 68.
Re5 Ng5 69. Re8 Ra6+ 70. Kd5 e3 71. Rg8 Ra5+ 72. Bc5 e2 73. Re8 f3 74. Kd4 Ra1 75.
Bb4 f2 76. Rxe2 f1=Q 77. Rg2+ 0-1

[Event "*** Titled Tuesday Blitz"]
[Site "Chess.com"]
[Date "2021.02.09"]
[Round "3"]
[White "Loy_Konstantin"]
[Black "MaevskiyNikolay"]
[Result "1-0"]
[WhiteElo "2389"]
[BlackElo "2535"]
[TimeControl "180+1"]
[EndTime "10:30:52 PST"]
[Termination "Loy_Konstantin won on time"]

1. e4 c6 2. d4 d5 3. exd5 cxd5 4. c4 Nf6 5. Nc3 Nc6 6. Bg5 Be6 7. Nf3 Ne4 8. Be2 Nxc3 9. bxc3 dxc4 10. Rb1 Qd7 11. Qa4 Rc8 12. Bxc4 Bxc4 13. Qxc4 e6 14. O-O Bd6 15.
d5 Ne7 16. dxe6 fxe6 17. Qb3 O-O 18. Rfd1 Rc7 19. Ne5 Qc8 20. Rxd6 Rxc3 21. Qxe6+ Qxe6 22. Rxe6 Nf5 23. Nf3 h6 24. Be3 b6 25. h3 Ra3 26. Rb2 Rc8 27. Re5 Nd6 28. Rd5 Ne4 29. Rd7 Nf6 30. Rb7 Nd5 31. Rd2 Nxe3 32. fxe3 Rxe3 33.
Rxa7 Rc1+ 34. Kh2 Re6 35. Rad7 Rc5 36. R7d6 Rxd6 37. Rxd6 Ra5 38. Rd2 Kf7 39. Kg3 g5 40. Kf2 Kg6 41. Ke3 Kf5 42. Nd4+ Kf6 43. Rf2+ Ke7 44. Ke4 Ra4 45. Kd5 h5 46. Re2+ Kf7 47.
Nc6 g4 48. hxg4 hxg4 49. Ne5+ Kf6 50. Nd7+ Kf5 51. Nxb6 Ra5+ 52. Kd4 Kf4 53. Nc4 Ra4 54. Kc3 g3 55. a3 Ra8 56. Kb3 Rb8+ 57. Kc3 Rc8 58.
Rd2 Ra8 59. Rd4+ Kf5 60. Rd5+ Ke6 61. Rd3 Kf5 62. Rxg3 Rc8 63. Rf3+ Ke4 64. Rd3 Rg8 65. g3 Rg7 66. a4 Ra7 67. a5 Ra8 68. Rd6 Kf5 69. a6 Rc8 70. a7 Ra8 71. Ra6 Kg4 72. Nb6 Rf8 73. a8=Q Kxg3 74. Qxf8 Kg4 75. Ra7 1-0